General information
			
			
        
        - name: BNet
 
        - type: Ladder team game (AT/RT)
 
        - host: Battle.net
 
        - saver: timg4strOK
 
        
map: GoldRush 
        - players: 8
 
        - length: 53:03
 
        - speed: Fast
 - version: 1.22 W3XP
 - replay type:  

 
» download(574 KB)
Players
        team 1 (winner) 
              
              
ATOUCHOFHERLIPS (
purple | 90 APM | 4784 actions | 53:01)
              
 6 Death Knight 
 3 Death Coil
 2 Unholy Aura
 1 Animate Dead
 1 Lich 
 1 Frost Nova
 
                » actions 
                
                | Assign group hotkey | 119 |  | 
| Basic commands | 25 |  | 
| Build / train | 72 |  | 
| ESC pressed | 3 |  | 
| Enter build submenu | 32 |  | 
| Enter hero's abilities submenu | 7 |  | 
| Give item / drop item | 4 |  | 
| Remove unit from queue | 11 |  | 
| Right click | 1640 |  | 
| Select / deselect | 680 |  | 
| Select group hotkey | 2063 |  | 
| Use ability | 125 |  | 
                4784 total
 » units 
                
                | Acolyte | 6 |  | 
| Ghoul | 4 |  | 
| Crypt Fiend | 5 |  | 
| Frost Wyrm | 3 |  | 
                18 total
 » upgrades
                
                | Creature Attack | 1 |  | 
| Creature Carapace | 2 |  | 
| Web | 1 |  | 
| Freezing Breath | 1 |  | 
                5 total
 » buildings
                
                | Crypt | 1 |  | 
| Graveyard | 1 |  | 
| Altar of Darkness | 1 |  | 
| Ziggurat | 9 |  | 
| Tomb of Relics | 1 |  | 
| Nerubian Tower | 1 |  | 
| Spirit Tower | 3 |  | 
| Halls of the Dead | 1 |  | 
| Necropolis | 4 |  | 
| Black Citadel | 2 |  | 
| Sacrificial Pit | 1 |  | 
| Boneyard | 3 |  | 
                28 total
 » build order
                00:06 Crypt
00:19 Graveyard
00:40 Altar of Darkness
00:56 Ziggurat
01:22 Tomb of Relics
02:22 Ziggurat
02:45 Nerubian Tower
04:14 Ziggurat
04:36 Ziggurat
05:29 Spirit Tower
05:51 Ziggurat
06:31 Halls of the Dead
08:00 Spirit Tower
08:14 Necropolis
08:18 Necropolis
08:52 Black Citadel
08:55 Sacrificial Pit
09:33 Ziggurat
11:54 Boneyard
11:56 Boneyard
11:59 Boneyard
13:11 Spirit Tower
16:32 Ziggurat
16:36 Necropolis
19:35 Necropolis
20:53 Ziggurat
20:55 Ziggurat
» items
                
                | Rod of Necromancy | 2 |  | 
| Sacrificial Skull | 1 |  | 
| Potion of Lesser Invulnerability | 2 |  | 
| Scroll of Healing | 5 |  | 
| Scroll of Protection | 1 |  | 
| Scroll of Town Portal | 4 |  | 
| Potion of Healing | 1 |  | 
| Potion of Mana | 3 |  | 
| Orb of Corruption | 1 |  | 
| Staff of Teleportation | 1 |  | 
                21 total
  
               
              
              
Iceberg-Slim (
pink | 111 APM | 5881 actions | 53:01)
              
 5 Priestess of the Moon 
 2 Searing Arrows
 3 Trueshot Aura
 4 Keeper of the Grove 
 2 Entangling Roots
 2 Thorns Aura
 
                » actions 
                
                | Assign group hotkey | 40 |  | 
| Basic commands | 258 |  | 
| Build / train | 125 |  | 
| ESC pressed | 7 |  | 
| Enter build submenu | 38 |  | 
| Enter hero's abilities submenu | 9 |  | 
| Give item / drop item | 2 |  | 
| Remove unit from queue | 2 |  | 
| Right click | 2545 |  | 
| Select / deselect | 791 |  | 
| Select group hotkey | 1904 |  | 
| Use ability | 160 |  | 
                5881 total
 » units 
                
                | Wisp | 54 |  | 
| Huntress | 6 |  | 
| Chimaera | 7 |  | 
| Hippogryph | 21 |  | 
                88 total
 » upgrades
                
                | Nature's Blessing | 1 |  | 
| Sentinel | 1 |  | 
| Corrosive Breath | 1 |  | 
| Well Spring | 1 |  | 
| Strength of the Wild | 3 |  | 
| Ultravision | 1 |  | 
| Reinforced Hides | 3 |  | 
                11 total
 » buildings
                
                | Altar of Elders | 4 |  | 
| Moon Well | 6 |  | 
| Hunter's Hall | 1 |  | 
| Ancient of War | 2 |  | 
| Ancient of Wonders | 1 |  | 
| Tree of Ages | 1 |  | 
| Tree of Life | 12 |  | 
| Ancient of Wind | 5 |  | 
| Tree of Eternity | 1 |  | 
| Ancient Protector | 3 |  | 
| Chimaera Roost | 3 |  | 
                39 total
 » build order
                00:05 Altar of Elders
00:18 Moon Well
02:07 Hunter's Hall
02:17 Ancient of War
02:21 Ancient of War
02:30 Moon Well
02:45 Ancient of Wonders
03:51 Moon Well
04:07 Tree of Ages
05:32 Tree of Life
06:55 Ancient of Wind
07:31 Tree of Eternity
09:00 Moon Well
09:05 Ancient Protector
09:22 Ancient Protector
09:32 Ancient Protector
09:57 Chimaera Roost
10:54 Chimaera Roost
11:24 Moon Well
12:17 Moon Well
14:20 Chimaera Roost
14:37 Tree of Life
15:06 Tree of Life
16:15 Tree of Life
20:45 Tree of Life
24:16 Tree of Life
27:39 Tree of Life
32:01 Tree of Life
32:29 Tree of Life
32:33 Tree of Life
35:23 Tree of Life
39:15 Ancient of Wind
39:17 Ancient of Wind
39:20 Ancient of Wind
39:29 Ancient of Wind
39:33 Altar of Elders
41:41 Tree of Life
43:35 Altar of Elders
49:17 Altar of Elders
» items
                
                | Scroll of Town Portal | 9 |  | 
| Orb of Corruption | 1 |  | 
| Staff of Preservation | 1 |  | 
                11 total
  
               
              
              
» 
timg4strOK (
orange | 143 APM | 7587 actions | 53:03)
              
 8 Mountain King 
 3 Storm Bolt
 3 Bash
 1 Avatar
 1 Thunder Clap
 6 Paladin 
 3 Holy Light
 1 Divine Shield
 2 Devotion Aura
 
                » actions 
                
                | Assign group hotkey | 40 |  | 
| Basic commands | 115 |  | 
| Build / train | 130 |  | 
| ESC pressed | 14 |  | 
| Enter build submenu | 55 |  | 
| Enter hero's abilities submenu | 14 |  | 
| Give item / drop item | 4 |  | 
| Right click | 3239 |  | 
| Select / deselect | 521 |  | 
| Select group hotkey | 3240 |  | 
| Use ability | 215 |  | 
                7587 total
 » units 
                
                | Peasant | 24 |  | 
| Footman | 7 |  | 
| Gryphon Rider | 23 |  | 
                54 total
 » upgrades
                
                | Masonry | 3 |  | 
| Lumber Harvesting | 2 |  | 
| Animal War Training | 1 |  | 
| Swords | 2 |  | 
| Armor | 3 |  | 
| Storm Hammers | 1 |  | 
                12 total
 » buildings
                
                | Altar of Kings | 3 |  | 
| Barracks | 1 |  | 
| Farm | 14 |  | 
| Scout Tower | 20 |  | 
| Lumber Mill | 1 |  | 
| Town Hall | 6 |  | 
| Guard Tower | 10 |  | 
| Arcane Vault | 2 |  | 
| Keep | 5 |  | 
| Blacksmith | 1 |  | 
| Castle | 3 |  | 
| Gryphon Aviary | 5 |  | 
                71 total
 » build order
                00:06 Altar of Kings
00:11 Barracks
00:23 Farm
01:00 Farm
01:25 Scout Tower
01:40 Farm
02:21 Lumber Mill
03:29 Town Hall
03:39 Scout Tower
03:40 Scout Tower
03:43 Scout Tower
03:45 Scout Tower
03:47 Scout Tower
04:07 Guard Tower
04:18 Guard Tower
04:30 Guard Tower
05:01 Guard Tower
05:10 Farm
05:14 Scout Tower
05:15 Scout Tower
05:18 Scout Tower
06:12 Arcane Vault
06:15 Guard Tower
06:19 Farm
06:59 Keep
06:59 Keep
06:59 Keep
07:32 Scout Tower
07:34 Blacksmith
08:07 Guard Tower
08:10 Farm
08:11 Scout Tower
08:26 Farm
08:28 Farm
09:20 Castle
09:24 Gryphon Aviary
10:02 Guard Tower
10:03 Gryphon Aviary
10:08 Farm
10:11 Farm
12:32 Gryphon Aviary
18:23 Scout Tower
18:24 Scout Tower
18:25 Scout Tower
18:26 Scout Tower
19:42 Town Hall
20:01 Guard Tower
20:13 Guard Tower
23:19 Arcane Vault
24:57 Scout Tower
24:58 Scout Tower
24:58 Scout Tower
24:58 Scout Tower
24:59 Scout Tower
25:42 Guard Tower
27:50 Town Hall
29:27 Altar of Kings
29:41 Gryphon Aviary
29:53 Altar of Kings
29:59 Keep
31:19 Town Hall
32:51 Town Hall
36:14 Castle
37:40 Gryphon Aviary
41:57 Farm
41:58 Farm
41:59 Farm
42:02 Farm
44:57 Town Hall
» items
                
                | Boots of Speed | 2 |  | 
| Circlet of Nobility | 1 |  | 
| Potion of Lesser Invulnerability | 1 |  | 
| Scroll of Town Portal | 9 |  | 
| Lesser Clarity Potion | 5 |  | 
| Potion of Mana | 3 |  | 
| Orb of Fire | 1 |  | 
| Potion of Healing | 2 |  | 
| Staff of Sanctuary | 2 |  | 
| Orb of Venom | 1 |  | 
| Scroll of Regeneration | 2 |  | 
| Staff of Teleportation | 1 |  | 
                30 total
  
               
              
              
YEAHSHESASSBATS (
blue | 98 APM | 5195 actions | 53:01)
              
 7 Death Knight 
 3 Death Coil
 3 Unholy Aura
 1 Death Pact
 5 Lich 
 3 Frost Nova
 2 Frost Armor
 5 Dreadlord 
 3 Sleep
 2 Carrion Swarm
 
                » actions 
                
                | Assign group hotkey | 45 |  | 
| Basic commands | 293 |  | 
| Build / train | 127 |  | 
| ESC pressed | 11 |  | 
| Enter build submenu | 57 |  | 
| Enter hero's abilities submenu | 23 |  | 
| Give item / drop item | 2 |  | 
| Right click | 2013 |  | 
| Select / deselect | 1097 |  | 
| Select group hotkey | 1334 |  | 
| Use ability | 193 |  | 
                5195 total
 » units 
                
                | Acolyte | 36 |  | 
| Ghoul | 5 |  | 
| Crypt Fiend | 6 |  | 
| Frost Wyrm | 15 |  | 
                62 total
 » upgrades
                
                | Creature Attack | 2 |  | 
| Web | 1 |  | 
| Creature Carapace | 2 |  | 
                5 total
 » buildings
                
                | Crypt | 1 |  | 
| Graveyard | 1 |  | 
| Altar of Darkness | 1 |  | 
| Ziggurat | 21 |  | 
| Tomb of Relics | 1 |  | 
| Nerubian Tower | 2 |  | 
| Halls of the Dead | 4 |  | 
| Spirit Tower | 12 |  | 
| Necropolis | 10 |  | 
| Black Citadel | 1 |  | 
| Sacrificial Pit | 1 |  | 
| Boneyard | 2 |  | 
                57 total
 » build order
                00:06 Crypt
00:18 Graveyard
00:41 Altar of Darkness
00:58 Ziggurat
01:24 Tomb of Relics
02:02 Ziggurat
03:37 Ziggurat
04:29 Nerubian Tower
04:33 Ziggurat
05:06 Halls of the Dead
05:24 Spirit Tower
06:20 Necropolis
06:22 Nerubian Tower
07:15 Ziggurat
08:17 Black Citadel
08:20 Sacrificial Pit
09:31 Ziggurat
10:51 Boneyard
11:19 Boneyard
12:00 Necropolis
14:41 Necropolis
15:03 Ziggurat
15:04 Ziggurat
15:06 Ziggurat
16:26 Spirit Tower
16:27 Spirit Tower
16:48 Ziggurat
16:51 Ziggurat
16:54 Ziggurat
17:08 Halls of the Dead
17:12 Spirit Tower
17:27 Ziggurat
17:34 Ziggurat
17:36 Ziggurat
18:04 Spirit Tower
19:31 Spirit Tower
20:30 Spirit Tower
25:49 Necropolis
25:53 Necropolis
26:21 Necropolis
34:39 Halls of the Dead
34:47 Halls of the Dead
40:35 Necropolis
40:56 Necropolis
41:31 Ziggurat
41:32 Ziggurat
42:14 Ziggurat
42:14 Ziggurat
42:15 Ziggurat
44:59 Spirit Tower
45:16 Spirit Tower
45:51 Spirit Tower
46:48 Spirit Tower
46:50 Necropolis
46:51 Ziggurat
47:55 Spirit Tower
51:37 Necropolis
» items
                
                | Rod of Necromancy | 1 |  | 
| Sacrificial Skull | 1 |  | 
| Lesser Clarity Potion | 1 |  | 
| Scroll of Regeneration | 1 |  | 
| Potion of Healing | 1 |  | 
| Orb of Corruption | 1 |  | 
| Scroll of Town Portal | 10 |  | 
| Scroll of Healing | 1 |  | 
| Potion of Lesser Invulnerability | 1 |  | 
| Potion of Mana | 3 |  | 
                21 total
  
               team 2 (loser) 
              
              
» 
DASOCKBANDIT (
red | 115 APM | 6080 actions | 53:00)
              
 7 Archmage 
 3 Summon Water Elemental
 3 Brilliance Aura
 1 Mass Teleport
 7 Mountain King 
 3 Storm Bolt
 3 Bash
 1 Avatar
 7 Paladin 
 3 Holy Light
 3 Divine Shield
 1 Resurrection
 
                » actions 
                
                | Assign group hotkey | 140 |  | 
| Basic commands | 14 |  | 
| Build / train | 119 |  | 
| ESC pressed | 2 |  | 
| Enter build submenu | 29 |  | 
| Enter hero's abilities submenu | 22 |  | 
| Give item / drop item | 4 |  | 
| Remove unit from queue | 2 |  | 
| Right click | 2344 |  | 
| Select / deselect | 1091 |  | 
| Select group hotkey | 1927 |  | 
| Use ability | 386 |  | 
                6080 total
 » units 
                
                | Peasant | 35 |  | 
| Footman | 9 |  | 
| Dragonhawk Rider | 7 |  | 
| Gryphon Rider | 6 |  | 
                57 total
 » upgrades
                
                | Lumber Harvesting | 1 |  | 
| Defend | 1 |  | 
| Storm Hammers | 1 |  | 
| Masonry | 1 |  | 
| Animal War Training | 1 |  | 
| Swords | 3 |  | 
| Armor | 3 |  | 
| Cloud | 1 |  | 
                12 total
 » buildings
                
                | Altar of Kings | 1 |  | 
| Barracks | 1 |  | 
| Farm | 10 |  | 
| Town Hall | 3 |  | 
| Lumber Mill | 2 |  | 
| Arcane Vault | 1 |  | 
| Keep | 1 |  | 
| Scout Tower | 4 |  | 
| Castle | 2 |  | 
| Gryphon Aviary | 2 |  | 
| Blacksmith | 1 |  | 
                28 total
 » build order
                00:05 Altar of Kings
00:19 Barracks
00:34 Farm
00:49 Farm
01:31 Farm
03:22 Town Hall
04:10 Lumber Mill
04:49 Arcane Vault
05:23 Keep
06:36 Scout Tower
06:38 Scout Tower
06:40 Scout Tower
06:42 Scout Tower
07:46 Farm
07:48 Farm
09:09 Town Hall
10:05 Castle
11:25 Gryphon Aviary
11:26 Gryphon Aviary
11:59 Farm
12:27 Farm
13:27 Farm
14:58 Blacksmith
15:34 Farm
17:51 Town Hall
22:20 Lumber Mill
25:45 Farm
» items
                
                | Lesser Clarity Potion | 2 |  | 
| Staff of Teleportation | 1 |  | 
| Scroll of Town Portal | 9 |  | 
| Scroll of Regeneration | 3 |  | 
| Potion of Healing | 1 |  | 
| Staff of Sanctuary | 1 |  | 
                17 total
  
               
              
              
jack7daniels (
teal | 53 APM | 2823 actions | 53:00)
              
 6 Death Knight 
 3 Death Coil
 2 Unholy Aura
 1 Animate Dead
 3 Lich 
 2 Frost Nova
 1 Frost Armor
 3 Dreadlord 
 2 Sleep
 1 Vampiric Aura
 
                » actions 
                
                | Assign group hotkey | 34 |  | 
| Basic commands | 3 |  | 
| Build / train | 74 |  | 
| Enter build submenu | 27 |  | 
| Enter hero's abilities submenu | 12 |  | 
| Give item / drop item | 7 |  | 
| Right click | 1950 |  | 
| Select / deselect | 350 |  | 
| Select group hotkey | 235 |  | 
| Use ability | 131 |  | 
                2823 total
 » units 
                
                | Acolyte | 11 |  | 
| Ghoul | 5 |  | 
| Crypt Fiend | 8 |  | 
| Frost Wyrm | 4 |  | 
                28 total
 » upgrades
                
                | Creature Attack | 3 |  | 
| Creature Carapace | 1 |  | 
| Web | 1 |  | 
| Burrow | 1 |  | 
| Freezing Breath | 1 |  | 
                7 total
 » buildings
                
                | Graveyard | 1 |  | 
| Crypt | 1 |  | 
| Altar of Darkness | 1 |  | 
| Ziggurat | 13 |  | 
| Tomb of Relics | 2 |  | 
| Nerubian Tower | 1 |  | 
| Halls of the Dead | 1 |  | 
| Black Citadel | 3 |  | 
| Sacrificial Pit | 1 |  | 
| Spirit Tower | 4 |  | 
| Boneyard | 2 |  | 
| Necropolis | 2 |  | 
                32 total
 » build order
                00:12 Graveyard
00:18 Crypt
00:50 Altar of Darkness
01:05 Ziggurat
01:35 Tomb of Relics
02:06 Ziggurat
02:08 Ziggurat
02:11 Ziggurat
02:15 Nerubian Tower
04:02 Ziggurat
04:30 Halls of the Dead
05:57 Ziggurat
09:05 Ziggurat
09:06 Ziggurat
09:21 Black Citadel
09:21 Black Citadel
09:54 Sacrificial Pit
10:00 Spirit Tower
10:21 Ziggurat
10:22 Ziggurat
10:49 Spirit Tower
11:14 Tomb of Relics
11:46 Boneyard
12:37 Boneyard
15:34 Spirit Tower
19:20 Ziggurat
19:57 Ziggurat
19:58 Necropolis
20:00 Ziggurat
20:24 Necropolis
21:58 Spirit Tower
» items
                
                | Rod of Necromancy | 2 |  | 
| Dust of Appearance | 1 |  | 
| Scroll of Town Portal | 7 |  | 
| Potion of Healing | 2 |  | 
| Orb of Corruption | 1 |  | 
| Scroll of Speed | 1 |  | 
| Potion of Lesser Invulnerability | 1 |  | 
                15 total
  
               
              
              
» 
P4K-RealGGL (
yellow | 83 APM | 4418 actions | 52:57)
              
 6 Archmage 
 3 Summon Water Elemental
 2 Brilliance Aura
 1 Mass Teleport
 5 Mountain King 
 3 Storm Bolt
 2 Bash
 6 Paladin 
 3 Holy Light
 3 Divine Shield
 
                » actions 
                
                | Assign group hotkey | 40 |  | 
| Basic commands | 30 |  | 
| Build / train | 116 |  | 
| ESC pressed | 6 |  | 
| Enter build submenu | 49 |  | 
| Enter hero's abilities submenu | 16 |  | 
| Give item / drop item | 3 |  | 
| Right click | 2274 |  | 
| Select / deselect | 676 |  | 
| Select group hotkey | 998 |  | 
| Use ability | 210 |  | 
                4418 total
 » units 
                
                | Peasant | 19 |  | 
| Footman | 7 |  | 
| Gryphon Rider | 7 |  | 
| Flying Machine | 10 |  | 
                43 total
 » upgrades
                
                | Masonry | 3 |  | 
| Defend | 1 |  | 
| Storm Hammers | 1 |  | 
| Swords | 3 |  | 
| Armor | 3 |  | 
| Animal War Training | 1 |  | 
| Flak Cannons | 1 |  | 
| Flying Machine Bombs | 1 |  | 
                14 total
 » buildings
                
                | Altar of Kings | 1 |  | 
| Barracks | 1 |  | 
| Farm | 14 |  | 
| Lumber Mill | 1 |  | 
| Scout Tower | 13 |  | 
| Arcane Tower | 6 |  | 
| Town Hall | 7 |  | 
| Guard Tower | 12 |  | 
| Keep | 1 |  | 
| Arcane Vault | 1 |  | 
| Castle | 1 |  | 
| Gryphon Aviary | 3 |  | 
| Blacksmith | 1 |  | 
| Workshop | 3 |  | 
                65 total
 » build order
                00:07 Altar of Kings
00:20 Barracks
00:35 Farm
00:50 Farm
01:23 Lumber Mill
01:35 Scout Tower
02:12 Farm
02:14 Arcane Tower
02:15 Arcane Tower
02:15 Arcane Tower
02:15 Arcane Tower
02:51 Farm
02:53 Farm
03:52 Scout Tower
03:55 Scout Tower
04:05 Town Hall
04:21 Arcane Tower
04:22 Scout Tower
04:24 Guard Tower
04:35 Scout Tower
04:47 Scout Tower
04:58 Guard Tower
05:01 Scout Tower
05:08 Scout Tower
05:09 Guard Tower
05:31 Guard Tower
05:34 Guard Tower
05:46 Guard Tower
06:18 Keep
06:34 Arcane Vault
06:39 Scout Tower
07:02 Scout Tower
07:27 Scout Tower
07:40 Guard Tower
08:03 Scout Tower
08:04 Guard Tower
08:15 Farm
08:33 Scout Tower
08:35 Guard Tower
08:56 Farm
09:32 Castle
09:56 Guard Tower
10:07 Farm
10:22 Gryphon Aviary
10:55 Gryphon Aviary
10:57 Blacksmith
11:45 Gryphon Aviary
11:58 Farm
12:49 Farm
13:22 Farm
16:44 Town Hall
21:12 Town Hall
21:21 Town Hall
22:22 Workshop
22:23 Workshop
22:26 Workshop
23:29 Farm
24:03 Farm
24:07 Farm
24:48 Town Hall
30:59 Town Hall
34:52 Town Hall
» items
                
                | Scroll of Town Portal | 6 |  | 
| Scroll of Regeneration | 1 |  | 
| Potion of Lesser Invulnerability | 1 |  | 
| Scroll of Healing | 1 |  | 
                9 total
  
               
              
              
wsa.hidan (
green | 96 APM | 5094 actions | 52:54)
              
 4 Shadow Hunter 
 2 Hex
 2 Healing Wave
 5 Far Seer 
 2 Feral Spirit
 3 Chain Lighting
 
                » actions 
                
                | Assign group hotkey | 359 |  | 
| Basic commands | 22 |  | 
| Build / train | 117 |  | 
| ESC pressed | 1 |  | 
| Enter build submenu | 28 |  | 
| Enter hero's abilities submenu | 9 |  | 
| Give item / drop item | 1 |  | 
| Right click | 2717 |  | 
| Select / deselect | 515 |  | 
| Select group hotkey | 1088 |  | 
| Use ability | 237 |  | 
                5094 total
 » units 
                
                | Peon | 37 |  | 
| Grunt | 5 |  | 
| Troll Batrider | 27 |  | 
| Wind Rider | 3 |  | 
                72 total
 » upgrades
                
                | Ranged Weapons | 3 |  | 
| Envenomed Spears | 2 |  | 
| Reinforced Defenses | 1 |  | 
| Liquid Fire | 1 |  | 
| Armor | 3 |  | 
                10 total
 » buildings
                
                | Altar of Storms | 1 |  | 
| Orc Burrow | 7 |  | 
| Voodoo Lounge | 2 |  | 
| Barracks | 1 |  | 
| Great Hall | 2 |  | 
| Stronghold | 2 |  | 
| War Mill | 1 |  | 
| Fortress | 1 |  | 
| Beastiary | 4 |  | 
| Watch Tower | 13 |  | 
                34 total
 » build order
                00:10 Altar of Storms
00:20 Orc Burrow
00:34 Voodoo Lounge
01:29 Barracks
01:53 Orc Burrow
03:16 Great Hall
03:54 Stronghold
03:54 Stronghold
04:59 War Mill
05:18 Orc Burrow
07:00 Fortress
07:35 Beastiary
07:36 Beastiary
08:43 Orc Burrow
10:16 Beastiary
12:03 Watch Tower
12:04 Watch Tower
12:06 Watch Tower
13:55 Orc Burrow
13:55 Orc Burrow
13:56 Orc Burrow
19:25 Beastiary
20:24 Voodoo Lounge
23:42 Watch Tower
23:43 Watch Tower
23:44 Watch Tower
23:45 Watch Tower
23:46 Watch Tower
23:49 Watch Tower
23:50 Watch Tower
23:50 Watch Tower
23:52 Watch Tower
23:53 Watch Tower
38:57 Great Hall
» items
                
                | Healing Salve | 1 |  | 
| Lesser Clarity Potion | 1 |  | 
| Scroll of Town Portal | 6 |  | 
| Tiny Great Hall | 4 |  | 
| Scroll of Speed | 2 |  | 
| Potion of Healing | 3 |  | 
| Potion of Lesser Invulnerability | 1 |  | 
| Scroll of Protection | 1 |  | 
| Scroll of Healing | 1 |  | 
                20 total
  
                Chat log
          (00:38 / All) P4K-RealGGL: sup corr
(00:39 / All) DASOCKBANDIT: hi corrupted
(00:47 / All) ATOUCHOFHERLIPS: ?
(00:52 / All) P4K-RealGGL: lost to jerry
(00:54 / All) P4K-RealGGL: hate that faggot
(01:01 / All) ATOUCHOFHERLIPS: ;o
(01:01 / All) YEAHSHESASSBATS: He's a good guy
(01:05 / All) YEAHSHESASSBATS: with dreams
(01:17 / All) DASOCKBANDIT: talons how do you squeeze into those pants
(01:30 / All) YEAHSHESASSBATS: suck the stomach in
(01:32 / All) YEAHSHESASSBATS: tuck the penis in
(01:35 / All) YEAHSHESASSBATS: Squeeze your ass
(01:47 / All) wsa.hidan: whatup niggas
(01:53 / All) P4K-RealGGL: talons hacking again?
(01:53 / All) timg4strOK: gotta tab and get that hack on
(01:55 / All) wsa.hidan: peporoni
(01:57 / All) timg4strOK: manner please
(01:59 / All) DASOCKBANDIT: dead*
(02:00 / All) ATOUCHOFHERLIPS: send him flowers
(02:02 / All) ATOUCHOFHERLIPS: on my behalf
(02:03 / All) timg4strOK: hey hold on
(02:04 / All) timg4strOK: we aint ready
(02:04 / All) YEAHSHESASSBATS: on.
(02:06 / All) YEAHSHESASSBATS: afk
(02:06 / All) timg4strOK: we aint ready
(02:08 / All) timg4strOK: knife a big baby
(02:09 / All) ATOUCHOFHERLIPS: KNIFE
(02:10 / All) YEAHSHESASSBATS: did not know
(02:10 / All) timg4strOK: dont listen to that guy
(02:12 / All) YEAHSHESASSBATS: u thought that way
(02:14 / All) ATOUCHOFHERLIPS: IS A NO MANNER BABY LOL
(02:16 / All) wsa.hidan: i know you
(02:19 / All) wsa.hidan: are just fucking
(02:24 / All) YEAHSHESASSBATS: no we 
(02:26 / All) YEAHSHESASSBATS: have an afk
(02:27 / All) YEAHSHESASSBATS: thx
(03:15 / All) P4K-RealGGL: whats your last name talons
(03:20 / All) YEAHSHESASSBATS: Liam
(06:06 / All) YEAHSHESASSBATS: wut i gotta say to dat
(06:08 / All) YEAHSHESASSBATS: welp
(09:26 / All) YEAHSHESASSBATS: sweet
(12:20 / Allies) timg4strOK: wood me
(18:07 / All) P4K-RealGGL: u need 4 corr
(28:57 / Allies) timg4strOK: any gold
(29:01 / Allies) timg4strOK: im in no upkeep
(30:16 / All) YEAHSHESASSBATS: u shitting me knife
(30:26 / All) wsa.hidan: yes
(30:30 / All) YEAHSHESASSBATS: Why
(36:02 / All) P4K-RealGGL: fuck u
(36:49 / All) P4K-RealGGL: games over
(36:50 / All) P4K-RealGGL: leave
(38:50 / All) YEAHSHESASSBATS: wel gg
(38:56 / All) DASOCKBANDIT: DSB
(39:00 / All) ATOUCHOFHERLIPS: geee gee have a cup of tea
(39:02 / All) Iceberg-Slim: gg
(39:47 / All) wsa.hidan: ill just get bats
(39:49 / All) wsa.hidan: d;
(41:21 / Allies) timg4strOK: wood me
(41:23 / Allies) timg4strOK: and expand bottom
(43:28 / All) DASOCKBANDIT: ripped corrs ass open
(43:33 / All) YEAHSHESASSBATS: him on vent
(43:33 / All) ATOUCHOFHERLIPS: TT
(43:34 / All) YEAHSHESASSBATS: god damn!
(45:58 / All) ATOUCHOFHERLIPS: hey
(46:02 / All) ATOUCHOFHERLIPS: ill spam for apm
(46:03 / All) ATOUCHOFHERLIPS: k ^_^
(47:40 / Allies) Iceberg-Slim: potm money if you got it
(48:02 / Allies) Iceberg-Slim: potm money if you got it
(49:48 / All) YEAHSHESASSBATS: wtf greg
(49:49 / All) YEAHSHESASSBATS: what happened
(51:53 / All) wsa.hidan: gg
(51:56 / All) timg4strOK: gg
(51:56 / All) YEAHSHESASSBATS: gg
(51:58 / All) wsa.hidan: lucky cookie lags
(52:00 / All) wsa.hidan: D;
(52:04 / All) YEAHSHESASSBATS: hes a little whiny
(52:05 / All) ATOUCHOFHERLIPS: !_!
(52:08 / All) timg4strOK: lucky i have the best bolt/hex timing on azeroth.
(52:09 / All) YEAHSHESASSBATS: u killed my whole army
(52:10 / All) YEAHSHESASSBATS: 3x
(52:59 / All) DASOCKBANDIT: Gg